General information
- name: BNet
- type: Ladder 1vs1/FFA
- host: Battle.net
- saver: Ze.rath3isaFaig
map: BrokenShard
- players: 2
- length: 29:27
- speed: Fast
- version: 1.25 W3XP
- replay type: Public
» download(108 KB)
Players
team 1 (winner)
Ze.rath3isaFaig (
teal | 140 APM | 4122 actions | 29:27)
5 Death Knight
3 Death Coil
2 Unholy Aura
4 Dark Ranger
2 Black Arrow
2 Silence
» actions
| Assign group hotkey | 33 | |
| Basic commands | 991 | |
| Build / train | 73 | |
| ESC pressed | 1 | |
| Enter build submenu | 21 | |
| Enter hero's abilities submenu | 9 | |
| Remove unit from queue | 3 | |
| Right click | 1660 | |
| Select / deselect | 616 | |
| Select group hotkey | 630 | |
| Use ability | 85 | |
4122 total
» units
| Acolyte | 5 | |
| Ghoul | 1 | |
| Crypt Fiend | 11 | |
| Gargoyle | 6 | |
| Obsidian Statue | 4 | |
| Meatwagon | 3 | |
30 total
» upgrades
| Web | 1 | |
| Creature Attack | 1 | |
| Creature Carapace | 1 | |
3 total
» buildings
| Graveyard | 3 | |
| Crypt | 2 | |
| Altar of Darkness | 1 | |
| Ziggurat | 6 | |
| Tomb of Relics | 1 | |
| Nerubian Tower | 1 | |
| Halls of the Dead | 3 | |
| Spirit Tower | 2 | |
| Slaughterhouse | 1 | |
| Black Citadel | 2 | |
| Necropolis | 1 | |
23 total
» build order
00:21 Graveyard
00:26 Crypt
00:50 Altar of Darkness
01:10 Ziggurat
01:47 Tomb of Relics
02:03 Ziggurat
02:44 Nerubian Tower
04:53 Halls of the Dead
05:05 Spirit Tower
07:03 Ziggurat
08:25 Graveyard
11:14 Slaughterhouse
12:17 Spirit Tower
17:44 Graveyard
19:04 Crypt
20:19 Ziggurat
20:20 Ziggurat
21:38 Black Citadel
24:00 Necropolis
25:44 Ziggurat
26:14 Halls of the Dead
» items
| Rod of Necromancy | 2 | |
| Potion of Healing | 1 | |
| Scroll of Healing | 1 | |
4 total
team 2 (loser)
Iwinxxx (
red | 60 APM | 1778 actions | 29:26)
4 Death Knight
2 Death Coil
2 Unholy Aura
» actions
| Assign group hotkey | 16 | |
| Basic commands | 8 | |
| Build / train | 92 | |
| Enter build submenu | 18 | |
| Enter hero's abilities submenu | 4 | |
| Remove unit from queue | 4 | |
| Right click | 836 | |
| Select / deselect | 477 | |
| Select group hotkey | 263 | |
| Use ability | 60 | |
1778 total
» units
» upgrades
| Unholy Strength | 2 | |
| Unholy Armor | 2 | |
| Cannibalize | 1 | |
| Ghoul Frenzy | 1 | |
6 total
» buildings
| Ziggurat | 9 | |
| Crypt | 3 | |
| Altar of Darkness | 2 | |
| Tomb of Relics | 2 | |
| Graveyard | 2 | |
| Halls of the Dead | 1 | |
| Black Citadel | 1 | |
| Spirit Tower | 6 | |
26 total
» build order
00:11 Ziggurat
00:13 Crypt
00:25 Altar of Darkness
02:12 Ziggurat
02:16 Tomb of Relics
02:20 Graveyard
02:51 Crypt
02:58 Ziggurat
05:24 Ziggurat
06:54 Halls of the Dead
08:25 Ziggurat
10:11 Black Citadel
10:18 Spirit Tower
10:55 Spirit Tower
12:16 Graveyard
14:19 Spirit Tower
16:51 Tomb of Relics
22:54 Spirit Tower
23:56 Spirit Tower
25:55 Altar of Darkness
26:46 Ziggurat
27:00 Ziggurat
27:07 Ziggurat
27:11 Ziggurat
27:17 Crypt
27:53 Spirit Tower
» items
| Rod of Necromancy | 1 | |
| Potion of Healing | 1 | |
2 total
Chat log
(29:24 / All) Iwinxxx: u got lucky noob